 Dungeon Crawl Stone Soup version 0.30-a0-23-ge60ba3568b (webtiles) character file.

Game seed: 6402244901979912225

2471 AttackTheMoon the Ducker (level 9, -3/55 HPs)
             Began as a Kobold Earth Elementalist on Aug 25, 2022.
             Was an Initiate of Vehumet.
             Killed by an exploding orc (46 damage)
             ... ignited by their inner flame
             ... on level 7 of the Dungeon.
             The game lasted 00:19:51 (7983 turns).

AttackTheMoon the Ducker (KoEE)                     Turns: 7983, Time: 00:19:52

Health: -3/55      AC:  5    Str:  6    XL:     9   Next: 80%
Magic:  23/27      EV: 20    Int: 20    God:    Vehumet [......]
Gold:   257        SH:  0    Dex: 21    Spells: 16/20 levels left

rFire   . . .      SeeInvis .    f - +0 dagger
rCold   . . .      Faith    .    (no shield)
rNeg    . . .      Spirit   .    a - +0 robe
rPois   .          Reflect  .    (no helmet)
rElec   .          Harm     .    u - +0 cloak
rCorr   .          Rampage  .    (no gloves)
Will    .....                    i - +1 pair of boots
Stlth   ++++......               (no amulet)
HPRegen 0.18/turn                e - ring of magical power
MPRegen 0.20/turn                k - +6 ring of dexterity

@: no status effects
A: small, no large weapons, nightstalker 3
a: Renounce Religion


You were on level 7 of the Dungeon.
You worshipped Vehumet.
Vehumet was noncommittal.
You visited 2 branches of the dungeon, and saw 9 of its levels.

You collected 257 gold pieces.

Inventory:

Hand Weapons
 f - a +0 dagger (weapon)
 j - a +0 rapier
 w - a +3 spectral club
Missiles
 q - 27 stones
 x - 2 throwing nets
Armour
 a - a +0 robe (worn)
 i - a +1 pair of boots (worn)
 u - a +0 cloak (worn)
Jewellery
 e - a ring of magical power (left hand)
 k - a +6 ring of dexterity (right hand)
 s - a ring of protection from cold
 F - a +6 ring of strength
 G - a ring of fire
 J - a ring of ice
Wands
 t - a wand of charming (3)
 v - a wand of flame (50)
 y - a wand of roots (8)
 A - a wand of quicksilver (12)
Scrolls
 g - 2 scrolls of magic mapping
 p - 2 scrolls of enchant armour
 z - a scroll of immolation
 D - a scroll of identify
Potions
 b - a potion of magic
 c - 4 potions of curing
 d - a potion of cancellation
 h - 2 potions of ambrosia
 l - 3 potions of berserk rage
 m - a potion of heal wounds
 n - a potion of attraction {unknown}
 B - a potion of haste
 E - 2 potions of lignification {unknown}


   Skills:
 + Level 5.7 Fighting
 + Level 7.1 Dodging
 - Level 3.8 Stealth
 + Level 6.0 Spellcasting
 - Level 4.7 Conjurations
 + Level 2.2 Transmutations
 + Level 6.3 Earth Magic


You had 16 spell levels left.
You knew the following spells:

 Your Spells              Type           Power      Damage    Failure   Level
a - Sandblast             Erth           62%        2d14      1%          1
b - Stone Arrow           Conj/Erth      56%        3d10      3%          3

Your spell library contained the following spells:

 Spells                   Type           Power      Damage    Failure   Level
 Passwall                 Tmut/Erth      19%        N/A       2%          2
 Beastly Appendage        Tmut           28%        N/A       4%          1
 Wereblood                Tmut           14%        N/A       6%          2
 Petrify                  Tmut/Erth      23%        N/A       19%         4
 Spider Form              Tmut/Pois      10%        N/A       21%         3


Dungeon Overview and Level Annotations

Branches:
Dungeon (8/15)             Temple (1/1) D:6
   Lair: D:8-11

Altars:
Ashenzari
Cheibriados
Dithmenos
Elyvilon
Fedhas
Gozag
Hepliaklqana
Kikubaaqudgha
Makhleb
Nemelex Xobeh
Okawaru
Ru
Trog
Uskayaw
Vehumet
Wu Jian
Xom
Yredelemnul
Zin
The Shining One

Shops:
D:4 **   D:5 (?**


Innate Abilities, Weirdness & Mutations

You are small and have problems with some larger weapons.
You are completely attuned to the shadows.


Message History

Your butterfly is engulfed in poison gas.
Your butterfly is poisoned.
You kill your butterfly!
Your butterfly disappears in a burst of colours!
The orc hits your butterfly with a +0 mace!
Your butterfly dies!
Your butterfly disappears in a burst of colours!
The orc barely misses you.
The orc hits your butterfly with a +0 war axe.
Your butterfly dies!
Your butterfly disappears in a burst of colours!
The orc closely misses you.
The orc closely misses your butterfly. x2
The orc barely misses your butterfly. The orc wizard misses you.
The orc barely misses you. The orc misses you.
Really read the scroll of immolation?
As you read the scroll of immolation, it crumbles to dust.
The creatures around you are filled with an inner flame!
Your butterfly is engulfed in poison gas.
Your butterfly is poisoned.
Your butterfly disappears in a burst of colours!
Your butterfly explodes!
Your butterfly is poisoned.
Your butterfly looks even sicker.
The orc misses you.
Your butterfly is engulfed in poison gas.
Your butterfly is poisoned.
Your butterfly disappears in a burst of colours!
Your butterfly explodes!
The fiery explosion engulfs your butterfly!!
Your butterfly disappears in a burst of colours!
Your butterfly explodes!
The fiery explosion engulfs your butterfly!!
Your butterfly disappears in a burst of colours!
The fiery explosion engulfs the orc!
Vehumet accepts your kill.
The fiery explosion engulfs your butterfly!!
Your butterfly disappears in a burst of colours!
Your butterfly explodes!
The orc explodes!
The fiery explosion engulfs you!!!
Ouch! That really hurt!
You die...

#........#_.........
#...............
##..(.....#.#.
...............
.§§.#§§#..... #
§#o##§§#§...## #
§§.§§§§§§.. ..
.#§oob§§§. ..
#.§@o.b§. ..
§§§§§o.§§. ..
#§§§§§.§§. ..
§§§§§b§§§ ..
####§#### ..


You could see an orc wizard (inner flame) and 4 orcs.

Vanquished Creatures
  Pikel (D:6)
  Sigmund (D:4)
  A black bear (D:7)
  A sky beast (D:6)
  An ogre (D:5)
  A centaur (D:6)
  A kobold brigand (D:6)
  A phantom (D:5)
  A necrophage (D:4)
  A bullfrog (D:6)
  4 scorpions
  A gnoll sergeant (D:7)
  4 wights (D:5)
  Crazy Yiuf (D:5)
  2 jellies
  An orc priest (D:8)
  A gnoll bouda (D:5)
  Ijyb (D:4)
  3 iguanas
  2 orc wizards
  14 gnolls
  9 adders
  A white imp (D:6)
  2 ufetubi
  3 worms
  2 dart slugs
  9 orcs
  7 ball pythons
  8 endoplasms
  2 giant cockroaches
  4 hobgoblins
  3 jackals (D:3)
  2 quokkas
  3 bats
  6 goblins
  9 kobolds
  3 rats
117 creatures vanquished.

Vanquished Creatures (collateral kills)
  Menkaure (D:4)
  A gnoll (D:5)
  An endoplasm (D:4)
3 creatures vanquished.

Grand Total: 120 creatures vanquished

Notes
Turn   | Place    | Note
-------+----------+-------------------------------------------
     0 | D:1      | AttackTheMoon the Kobold Earth Elementalist began the quest
                  | for the Orb.
     0 | D:1      | Reached XP level 1. HP: 10/10 MP: 3/3
   258 | D:1      | Reached XP level 2. HP: 15/15 MP: 5/5
  1288 | D:2      | Reached XP level 3. HP: 19/19 MP: 6/6
  1666 | D:2      | Reached skill level 3 in Dodging
  1933 | D:2      | Reached XP level 4. HP: 24/24 MP: 8/8
  1938 | D:2      | Reached skill level 1 in Fighting
  2300 | D:2      | Found a sparkling altar of Nemelex Xobeh.
  2948 | D:3      | Reached XP level 5. HP: 29/29 MP: 9/9
  3185 | D:3      | Found a faded altar of an unknown god.
  3700 | D:4      | Found a basalt altar of Yredelemnul.
  3767 | D:4      | Found Zenk's Lightly-Used Armoury.
  3919 | D:4      | Reached skill level 1 in Conjurations
  3919 | D:4      | Reached XP level 6. HP: 31/35 MP: 10/10
  3957 | D:4      | Found Nizach's Fire Supplies.
  4008 | D:4      | Noticed Ijyb
  4012 | D:4      | Noticed Menkaure
  4020 | D:4      | Killed Menkaure
  4021 | D:4      | Reached skill level 4 in Dodging
  4022 | D:4      | Your ally Ijyb died
  4298 | D:4      | Noticed Sigmund
  4303 | D:4      | Killed Sigmund
  4304 | D:4      | Reached XP level 7. HP: 27/40 MP: 12/12
  4454 | D:4      | Learned a level 3 spell: Stone Arrow
  4943 | D:4      | Found a shimmering altar of Xom.
  4973 | D:5      | Entered Level 5 of the Dungeon
  5054 | D:5      | Reached skill level 5 in Dodging
  5054 | D:5      | Reached XP level 8. HP: 46/46 MP: 14/14
  5205 | D:5      | Found Kibu Sum's Weapon Shoppe.
  5464 | D:5      | Found a burning altar of Makhleb.
  5555 | D:5      | Found Vuxt's Assorted Antiques.
  5597 | D:5      | Found a runed translucent door.
  5600 | D:5      | Noticed Crazy Yiuf
  5608 | D:5      | Killed Crazy Yiuf
  5704 | D:5      | Found Lalarph's General Store.
  5707 | D:5      | Reached skill level 5 in Earth Magic
  6134 | D:5      | Found Genops's Magic Scroll Shoppe.
  6415 | D:6      | Reached skill level 5 in Spellcasting
  6599 | D:6      | Reached skill level 6 in Dodging
  6599 | D:6      | Reached XP level 9. HP: 52/52 MP: 16/16
  6674 | D:6      | Noticed Pikel
  6687 | D:6      | Killed Pikel
  6688 | D:6      | Reached skill level 5 in Fighting
  7343 | D:6      | Found a staircase to the Ecumenical Temple.
  7347 | Temple   | Entered the Ecumenical Temple
  7480 | Temple   | Became a worshipper of Vehumet
  7766 | D:7      | Reached skill level 7 in Dodging
  7962 | D:7      | Found a white marble altar of Elyvilon.
  7983 | D:7      | Killed by an exploding orc... ignited by their inner flame

Illustrated notes

Levels and vault maps discovered:
D:1:      minmay_arrival_arboretum_small, layout_loops_ring
D:2:      layout_basic, basic_altar
D:3:      layout_basic, shapermc_ecumenical_altar_starsandcircs, st_stairs_3
D:4:      layout_loops_ring, old_standard_altar,
          mainiacjoe_overflow_concentric_impassable, nicolae_shop_fire_sale
          [nicolae_sub_dead_trees], minmay_shop_damaged, amethyst_killhole,
          uniq_menkaure, uniq_sigmund, uniq_ijyb
D:5:      layout_loops_ring, bloody_makhleb, serial_shops,
          nicolae_inconvenience_store, shop, nicolae_shop_advertising_works
          [nicolae_subvault_shop_adworks], shop, kennysheep_another_room,
          dk_noncrumbling_2, chequers_serial_rivers_large_b, nrook_campfire,
          uniq_crazy_yiuf_cottage
D:6:      layout_cave_pools, minmay_temple_entry_steel_oval, uniq_pikel
D:7:      layout_rooms, overflow_temple_1_default
D:8:      layout_basic, old_standard_altar
Temple:   nicolae_temple_superstar

Skill      XL: |  1  2  3  4  5  6  7  8  9 |
---------------+----------------------------+-----
Stealth        | 3 |  3.8
Dodging        | 3 4 5 6 7 |  7.1
Fighting       | 1 2 3 4 5 |  5.7
Spellcasting   | 3 4 5 6 |  6.0
Conjurations   | 1 2 3 4 |  4.7
Earth Magic    | 4 5 6 |  6.3
Transmutations | 2 |  2.2

Action                   |  1- 3 |  4- 6 |  7- 9 || total
-------------------------+-------+-------+-------++-------
Melee: Dagger            |    15 |     4 |    37 ||    56
 Cast: Sandblast         |    41 |    61 |    63 ||   165
       Stone Arrow       |       |       |    55 ||    55
Evoke: Wand              |       |     3 |     2 ||     5
  Use: Scroll            |     3 |     5 |    13 ||    21
       Potion            |       |       |     1 ||     1
 Stab: Sleeping          |     3 |       |     7 ||    10
Armor: Robe              |     7 |     6 |    16 ||    29
Dodge: Dodged            |    28 |    29 |    93 ||   150

Table legend: (Time is in decaauts)
 A = Elapsed time spent in this place.
 B = Non-inter-level travel time spent in this place.
 C = Inter-level travel time spent in this place.
 D = Time resting spent in this place.
 E = Time spent auto-exploring this place.
 F = Levels seen in this place.
 G = Mean time per level.
                   A        B        C        D        E       F      G
               +--------+--------+--------+--------+--------+-----+--------+
         Total |   8113 |   7906 |    207 |    815 |   6273 |   9 |  901.4 |
       Dungeon |   7968 |   7769 |    199 |    815 |   6166 |   8 |  996.0 |
        Temple |    145 |    137 |      8 |      0 |    107 |   1 |  145.0 |
               +--------+--------+--------+--------+--------+-----+--------+

Top non-repeatable levels by time:
     D:5: 1455 daAuts
     D:2: 1402 daAuts
     D:4: 1318 daAuts
     D:6: 1243 daAuts
     D:1: 1219 daAuts
     D:3: 1088 daAuts
     D:7: 238 daAuts
  Temple: 145 daAuts
     D:8: 2 daAuts
